 Dungeon Crawl Stone Soup version 0.31-a0-1591-g515db51633 (webtiles) character file.

Game seed: 7195745860950147740

3313 jestert79 the Basher (level 9, -6/75 HPs)
             Began as a White Draconian Cinder Acolyte on Jan 6, 2024.
             Was an Elder of Ignis.
             Killed by miscasting Irradiate (23 damage)
             ... on level 9 of the Dungeon.
             The game lasted 00:29:46 (9364 turns).

jestert79 the Basher (DrCA)                         Turns: 9364, Time: 00:29:47

Health: -6/75      AC: 16    Str: 16    XL:     9   Next: 70%
Magic:  14/22      EV:  9    Int: 19    God:    Ignis [****..]
Gold:   493        SH:  0    Dex:  7    Spells: 4/14 levels left

rFire   + . .        w - +1 flail (protect)
rCold   + . .        (no shield)
rNeg    . . .        (body armour unavailable)
rPois   .            (helmet restricted)
rElec   .            o - +0 cloak
rCorr   .            m - +0 pair of gloves
SInv    .            (no boots)
Will    .....        (no amulet)
Stlth   +            d - ring of magical power
HPRegen 0.32/turn    (no ring)
MPRegen 0.18/turn

%: no passive effects
@: mighty, brilliant, lethally poisoned (-6 -> -44), ice-armoured, short of
breath, very slightly contaminated, slowed, constricted, very slow
A: breathe frost, AC +7, unfitting armour, cold resistance 1, cold-blooded
a: Breathe Frost, Renounce Religion, Fiery Armour, Foxfire Swarm, Rising Flame


You were on level 9 of the Dungeon.
You worshipped Ignis.
Ignis was greatly pleased with you.
You visited 1 branch of the dungeon, and saw 9 of its levels.

You collected 566 gold pieces.
You spent 73 gold pieces at shops.

Inventory:

Hand Weapons
 w - a +1 flail of protection (weapon)
Missiles
 v - 11 poisoned darts
Armour
 m - a +0 pair of gloves (worn)
 o - a +0 cloak (worn)
Jewellery
 a - a +4 ring of protection
 d - a ring of magical power (left hand)
 y - an amulet of regeneration
Wands
 e - a wand of charming (8)
 x - a wand of flame (11)
Scrolls
 h - a scroll of fog
 k - a scroll of enchant weapon {unknown}
 l - a scroll of teleportation {unknown}
 n - a scroll of vulnerability {unknown}
 t - a scroll of acquirement {unknown}
 u - 3 scrolls of revelation
 C - a scroll of poison {unknown}
 D - a scroll of blinking {unknown}
Potions
 b - 2 potions of brilliance
 c - a potion of resistance
 f - 3 potions of attraction
 g - 2 potions of lignification
 i - a potion of ambrosia
 j - 2 potions of heal wounds {unknown}
 p - a potion of haste
 r - a potion of invisibility
 s - a potion of enlightenment
 z - a potion of curing
 A - a potion of degeneration {unknown}


   Skills:
 + Level 5.7 Fighting
 + Level 9.5 Maces & Flails
 + Level 3.6 Dodging
 + Level 3.1 Spellcasting
 + Level 3.3 Conjurations
 - Level 3.2 Fire Magic
 - Level 6.2 Ice Magic
 + Level 3.2 Alchemy


You had 4 spell levels left.
You knew the following spells:

 Your Spells              Type           Power      Damage    Failure   Level
a - Scorch                Fire           46%        2d6       6%          2
b - Ozocubu's Armour      Ice            39%        N/A       3%          3
c - Irradiate             Conj/Alch      11%        3d15      71%         5

Your spell library contained the following spells:

 Spells                   Type           Power      Damage    Failure   Level
 Kiss of Death            Conj/Necr      52%        2d9       8%          1
 Inner Flame              Hex/Fire       13%        N/A       24%         3
 Call Canine Familiar     Summ           4%         N/A       41%         3
 Confusing Touch          Hex            4%         N/A       41%         3
 Fugue of the Fallen      Necr           4%         N/A       41%         3
 Sigil of Binding         Hex            4%         N/A       41%         3
 Dimensional Bullseye     Hex/Tloc       2%         N/A       83%         4
 Dispel Undead            Necr           4%         3d7       83%         4
 Manifold Assault         Tloc           4%         N/A       83%         4
 Passage of Golubria      Tloc           4%         N/A       83%         4
 Silence                  Hex/Air        2%         N/A       99%         5
 Ignition                 Fire           11%        3d5       100%        8
 Lehudib's Crystal Spear  Conj/Erth      6%         10d3      100%        8


Dungeon Overview and Level Annotations

Branches:
Dungeon (9/15)             Temple (0/1) D:5             Orc (0/2) D:9
   Lair: D:8-11

Altars:
Ashenzari
Cheibriados
Dithmenos
Elyvilon
Okawaru
Ru
Sif Muna
Trog

Shops:
D:5 [[?=   D:7 (

Annotations:
D:3 2 transporters
D:6 4 runed translucent doors
D:9 Erica


Innate Abilities, Weirdness & Mutations

You can breathe waves of freezing cold which knock back foes.
Your icy white scales are hard. (AC +7)
You cannot fit into any form of body armour.
Your flesh is cold resistant. (rC+)
You are cold-blooded and may be slowed by cold attacks.


Message History

Erica hits you with a +1 scimitar of flaming!
Erica constricts you. The heat melts your icy armour.
Unknown command.
Unknown command.
You feel very mighty all of a sudden.
Erica stares at you and mumbles some strange words.
You resist with significant effort. Erica constricts you.
Unknown command.
Unknown command.
Okay, then.
Unknown command.
It was a potion of brilliance.
You feel clever all of a sudden. Erica barely misses you. Erica constricts you.
Erica casts a spell.
Erica flickers and vanishes!
Deactivating autopickup; reactivate with Ctrl-A.
You are constricted.
Unknown command.
Casting: Ozocubu's Armour (dangerous; 3% risk of failure)
Confirm with . or Enter, or press ? or * to list all spells.
You can't see any susceptible monsters within range! (Use Z to cast anyway.)
Casting: Ozocubu's Armour (dangerous; 3% risk of failure)
Confirm with . or Enter, or press ? or * to list all spells.
You feel a surge of power!
You miscast Irradiate.
You are very lightly contaminated with residual magic.
Mercury flows from your hands.
You are lethally poisoned!
* * * LOW HITPOINT WARNING * * *
You feel extremely sick. Something hits you but does no damage.
You are constricted.
Unknown command.
Unknown command.
Unknown command.
Casting: Irradiate (quite dangerous; 71% risk of failure)
Confirm with . or Enter, or press ? or * to list all spells.
You feel a surge of power!
You miscast Irradiate.
Strange energies run through your body!!
You die...

**,,* **,,,,,,,** *,,,,,,,,
**,,,***#.........#***,,,,,,,,
*,,,,,,,+.........+,,*,,,,,,,,
*,,,,****.........*******###*+
*,*,** **.......** #.#*, *,***
**.....** #.#** *,* **...**
#.# *,* *#{########## #.#
##.###########@#........# #.#
###.###########.#.######.# #.#
###.###########.#.# #.# #.#
###.##.....###....######.###.#
###.##.....##.....##....:....#
###.#§...............###.#####
###.#§§§....###.#.######.#
###..§§§....#####........#
######§§...###############


There were no monsters in sight!

Vanquished Creatures
  A hornet (D:7)
  3 steam dragons
  An acid dragon (D:6)
  A water moccasin (D:5)
  3 ice beasts
  2 black bears
  An orc warrior (D:8)
  A sky beast (D:7)
  2 centaurs
  3 phantoms (D:6)
  2 bullfrogs (D:6)
  2 gnoll sergeants (D:7)
  4 killer bees
  A howler monkey (D:6)
  A bombardier beetle (D:7)
  2 jellies
  A hound (D:6)
  A gnoll bouda (D:6)
  5 orc priests
  8 iguanas
  10 orc wizards
  Robin (D:3)
  10 gnolls
  5 adders
  3 white imps
  2 ufetubi (D:6)
  A ribbon worm (D:3)
  17 orcs
  10 ball pythons
  3 endoplasms
  A giant cockroach (D:1)
  4 hobgoblins
  5 kobolds
  4 quokkas
  2 bats
  5 frilled lizards
  10 goblins
  A rat (D:1)
139 creatures vanquished.

Vanquished Creatures (collateral kills)
  2 gnolls (D:7)
  An ufetubus (D:5)
3 creatures vanquished.

Vanquished Creatures (others)
  26 foxfires (D:2)
26 creatures vanquished.

Grand Total: 168 creatures vanquished

Notes
Turn   | Place    | Note
-------+----------+-------------------------------------------
     0 | D:1      | jestert79 the Draconian Cinder Acolyte began the quest for
                  | the Orb.
     0 | D:1      | Reached XP level 1. HP: 19/19 MP: 2/2
   282 | D:1      | Reached XP level 2. HP: 17/26 MP: 3/3
   382 | D:1      | Learned a level 2 spell: Scorch
   401 | D:1      | Reached skill level 4 in Maces & Flails
   579 | D:1      | Reached XP level 3. HP: 27/31 MP: 2/4
  1476 | D:2      | Reached skill level 5 in Maces & Flails
  1476 | D:2      | Reached XP level 4. HP: 21/38 MP: 5/5
  1481 | D:2      | Reached XP level 5. HP: 27/45 MP: 6/6
  1791 | D:3      | Found a transporter.
  1798 | D:3      | Found a transporter.
  1899 | D:3      | Reached skill level 6 in Maces & Flails
  2482 | D:3      | Noticed Robin
  2773 | D:3      | Killed Robin
  3260 | D:4      | Reached XP level 6. HP: 33/51 MP: 5/7
  3672 | D:4      | Found a sacrificial altar of Ru.
  3677 | D:4      | Found a white marble altar of Elyvilon.
  3681 | D:4      | Found a broken altar of Ashenzari.
  3684 | D:4      | Found a bloodstained altar of Trog.
  3749 | D:5      | Entered Level 5 of the Dungeon
  3911 | D:5      | Reached skill level 7 in Maces & Flails
  4169 | D:5      | Found Naelac's Armour Shop.
  4171 | D:5      | Found Ziytah's Antique Armour Shoppe.
  4181 | D:5      | Bought a +0 cloak for 49 gold pieces
  4256 | D:5      | Found a staircase to the Ecumenical Temple.
  4349 | D:5      | Your scales start taking on an icy white colour.
  4349 | D:5      | Reached XP level 7. HP: 44/57 MP: 8/8
  4349 | D:5      | Gained mutation: Your flesh is cold resistant. (rC+) [White
                  | Draconian growth]
  4519 | D:5      | Learned a level 3 spell: Ozocubu's Armour
  4552 | D:5      | Found Unusewk's Magic Scroll Boutique.
  4557 | D:5      | Bought a scroll of identify for 24 gold pieces
  4662 | D:5      | Reached skill level 1 in Ice Magic
  4671 | D:5      | Reached skill level 8 in Maces & Flails
  4820 | D:5      | Found Vagaf's Jewellery Shop.
  4868 | D:6      | Found an iron altar of Okawaru.
  5053 | D:6      | Found a large runed translucent door.
  5055 | D:6      | Found a large runed translucent door.
  5184 | D:6      | Noticed a steam dragon
  5197 | D:6      | Killed a steam dragon
  5198 | D:6      | Reached XP level 8. HP: 51/63 MP: 9/10
  5263 | D:6      | Found a large runed translucent door.
  5263 | D:6      | Found a large runed translucent door.
  5334 | D:6      | Reached skill level 1 in Dodging
  5623 | D:6      | Learned a level 5 spell: Irradiate
  5756 | D:6      | Found a snail-covered altar of Cheibriados.
  5922 | D:6      | Reached skill level 1 in Conjurations
  5922 | D:6      | Reached skill level 1 in Alchemy
  5934 | D:6      | Reached skill level 9 in Maces & Flails
  5934 | D:6      | Reached skill level 5 in Ice Magic
  6485 | D:7      | Found Anasm's Weapon Emporium.
  6678 | D:7      | Reached XP level 9. HP: 71/73 MP: 12/12
  6748 | D:7      | Reached skill level 5 in Fighting
  7007 | D:7      | Found a shimmering blue altar of Sif Muna.
  7683 | D:7      | Found a shadowy altar of Dithmenos.
  9354 | D:9      | Noticed Erica
  9364 | D:9      | Killed by miscasting Irradiate

Illustrated notes

Levels and vault maps discovered:
D:1:      heliophobic_arrival_battle_scene, layout_basic
D:2:      layout_loops_cross, kennysheep_generic_room_6
D:3:      layout_loops_corners, gammafunk_ghost_gnarly_gnolls, minmay_between,
          uniq_robin
D:4:      layout_basic, minitemple
D:5:      layout_rooms, temple_fountains, serial_shops, shop,
          nicolae_shop_behind_doors, nicolae_shop_hallway_stairs,
          nicolae_shop_rolling_square, fountainhead,
          minmay_fractal_squares_gapless_5
D:6:      layout_loops_ring, mainiacjoe_overflow_tiny_flanked,
          overflow_temple_1_default, chequers_serial_rivers_large_b,
          minmay_hollow_rounded_squares
D:7:      layout_basic, mainiacjoe_overflow_alcove_2,
          mainiacjoe_overflow_cross_hatched, serial_shops,
          nicolae_shop_bloodbath_and_beyond
D:8:      layout_basic, minmay_misc_feat_cross
D:9:      minmay_shrinking_squares, layout_loops_corners,
          regret_index_xom_of_box, orc_0_dummy, serial_shops,
          nicolae_shop_real_fake_doors, minmay_bent, uniq_erica

Skill      XL: |  1  2  3  4  5  6  7  8  9 |
---------------+----------------------------+-----
Maces & Flails | 4 5 6 7 8 9 |  9.5
Fire Magic     | 3 |  3.2
Ice Magic      | 4 5 6 |  6.2
Dodging        | 2 3 |  3.6
Fighting       | 4 5 |  5.7
Spellcasting   | 2 3 |  3.1
Conjurations   | 1 3 |  3.3
Alchemy        | 1 3 |  3.2

Action                     |  1- 3 |  4- 6 |  7- 9 || total
---------------------------+-------+-------+-------++-------
  Melee: Mace              |    26 |       |       ||    26
         Flail             |    31 |    47 |   144 ||   222
         Tailslap          |     1 |     3 |    20 ||    24
         Punch             |       |       |     1 ||     1
   Cast: Scorch            |    13 |    47 |   136 ||   196
         Ozocubu's Armour  |       |       |     4 ||     4
 Invoke: Foxfire Swarm     |       |     2 |       ||     2
Ability: Breathe Frost     |       |       |    13 ||    13
  Evoke: Wand              |       |     1 |     3 ||     4
    Use: Scroll            |       |       |    11 ||    11
         Potion            |       |       |     3 ||     3
 Armour: Skin              |    32 |    48 |   203 ||   283
  Dodge: Dodged            |    51 |    48 |   136 ||   235

Table legend: (Time is in decaauts)
 A = Elapsed time spent in this place.
 B = Non-inter-level travel time spent in this place.
 C = Inter-level travel time spent in this place.
 D = Time resting spent in this place.
 E = Time spent auto-exploring this place.
 F = Levels seen in this place.
 G = Mean time per level.
                   A        B        C        D        E       F      G
               +--------+--------+--------+--------+--------+-----+--------+
         Total |   9411 |   9151 |    260 |   2527 |   4870 |   9 | 1045.7 |
       Dungeon |   9411 |   9151 |    260 |   2527 |   4870 |   9 | 1045.7 |
               +--------+--------+--------+--------+--------+-----+--------+

Top non-repeatable levels by time:
     D:7: 1648 daAuts
     D:6: 1575 daAuts
     D:8: 1136 daAuts
     D:3: 1100 daAuts
     D:5: 1011 daAuts
     D:4: 980 daAuts
     D:1: 974 daAuts
     D:2: 904 daAuts
     D:9: 80 daAuts
